 Dungeon Crawl Stone Soup version 0.19.1 (webtiles) character file.

10 Idleism the Vexing (level 2, -1/11 HPs)
             Began as a Felid Enchanter on Dec 3, 2016.
             Slain by a worm (12 damage)
             ... on level 2 of the Dungeon.
             The game lasted 00:04:33 (1188 turns).

Idleism the Vexing (Felid Enchanter)                Turns: 1188, Time: 00:04:33

Health: -1/11      AC:  1    Str:  4    XL:     2   Next: 10%
Magic:  6/6        EV: 18    Int: 16    God:
Gold:   33         SH:  0    Dex: 16    Spells: 2 memorised, 2 levels left
                                        Lives:  0   Deaths: 0

rFire  . . .     SeeInvis +       - Unarmed
rCold  . . .     Gourm    .     (armour unavailable)
rNeg   . . .     Faith    .     (shield unavailable)
rPois  .         Spirit   .     (helmet unavailable)
rElec  .         Reflect  .     (cloak unavailable)
rCorr  .         Harm     .     (gloves unavailable)
MR     .....                    (boots unavailable)
Stlth  +++.......               e - amulet of rage
                                (no ring)
                                (no ring)

@: quick
A: no armour, no weapons or thrown items, stealth, claws 1, fangs 3, see
invisible, carnivore 3, speed 1, shaggy fur 1, slow metabolism 1, sharp paws
a: Evoke Berserk Rage


You were on level 2 of the Dungeon.
You were not hungry.

You visited 1 branch of the dungeon, and saw 2 of its levels.

You collected 33 gold pieces.

Inventory:

Jewellery
 e - an amulet of rage (around neck)
Scrolls
 c - a scroll of random uselessness {unknown}
 f - a scroll of remove curse {unknown}
Potions
 d - 2 potions of cure mutation {unknown}
Books
 a - a book of Maledictions

   Spells                             Type                      Level
   a - Corona                         Hexes                        1
   b - Ensorcelled Hibernation        Hexes/Ice                    2
   c - Confuse                        Hexes                        3
   d - Tukima's Dance                 Hexes                        3
   e - Dazzling Spray                 Conjuration/Hexes            3
Comestibles
 b - a meat ration


   Skills:
 - Level 2.6 Dodging
 - Level 4.0 Stealth
 + Level 2.2 Unarmed Combat
 - Level 2.0 Spellcasting
 - Level 4.4 Hexes


You had 2 spell levels left.
You knew the following spells:

 Your Spells              Type           Power        Failure   Level  Hunger
a - Corona                Hex            ###....      4%          1    #......
b - Ensorcelled Hibernat  Hex/Ice        #.....       14%         2    ###....


Dungeon Overview and Level Annotations

Branches:
Dungeon (2/15)

Altars:


Innate Abilities, Weirdness & Mutations

You cannot wear armour.
You are incapable of wielding weapons or throwing items.
Your paws allow you to move quietly. (Stealth)
You have sharp claws.
You have razor-sharp teeth.
You have supernaturally acute eyesight. (SInv)
You are carnivorous and can eat meat at any time.
You cover ground quickly.
You are covered in fur. (AC +1)
You have a slow metabolism.
Your sharp claws are effective at attacking unaware monsters.


Message History

e - an amulet of rage (around neck)
You now have 20 gold pieces (gained 9).
Found 20 sling bullets.
You now have 33 gold pieces (gained 13).
f - a scroll labeled RAUGISHRU OSIPH
There is a stone staircase leading down here.
Done exploring.
You climb downwards.
A frilled lizard and a worm come into view.
Found a wooden wand and 19 stones.
There is a stone staircase leading up here.
The helpless worm fails to defend itself.
You claw the worm!
The worm is severely wounded.
You scratch the worm but do no damage.
The worm is severely wounded.
The frilled lizard hisses angrily.
The worm bites you!
Ouch! That really hurt!
You die...

##### +....
#.../##
#lw.# #..@#
........#
.8......#
........#
...(.....
.........
.........
..ยง.......


You could see a worm and a frilled lizard.

Vanquished Creatures
  A giant cockroach (D:1)
  2 goblins (D:1)
  A hobgoblin (D:1)
  2 bats (D:1)
  A frilled lizard (D:1)
  A kobold (D:1)
  2 rats (D:1)
10 creatures vanquished.

Notes
Turn   | Place    | Note
-------+----------+-------------------------------------------
     0 | D:1      | Idleism the Felid Enchanter began the quest for the Orb.
     0 | D:1      | Reached XP level 1. HP: 7/7 MP: 4/4
   502 | D:1      | Reached XP level 2. HP: 5/11 MP: 6/6
   506 | D:1      | Learned a level 2 spell: Ensorcelled Hibernation
  1188 | D:2      | Slain by a worm

Skill      XL: |  1 |
---------------+----+-----
Unarmed Combat | 2 |  2.2
Dodging        | |  2.6
Stealth        | |  4.0
Spellcasting   | |  2.0
Hexes          | |  4.4

Action                   || total
-------------------------++-------
Melee: Unarmed           ||    46
       Bite              ||     2
 Cast: Ensorcelled Hiber ||     1
 Stab: Sleeping          ||     2
  Eat: Chunk             ||     3
Armor: Skin              ||     9
Dodge: Dodged            ||    46
